Cogmind - Beta 13 @@@ ROGUE MODE // 2024.04.02 @ 00:09:41 Player: Oozyorphan Result: Destroyed by as-14145 with Assembled Heavy Rifle Performance ------------- Evolutions (0) 0 Regions Visited (2) 400 Robots Destroyed (8) 40 Value Destroyed (195) 195 Prototype IDs (0) 0 Alien Tech Used (0) 0 Bonus (0) 0 TOTAL SCORE: 635 Bonus ------- None Cogmind --------- Core Integrity 0/250 Matter 290/300 Energy 198/250 System Corruption 4% Temperature Cool (0) Movement Core (800) Ox15 Location -10/Mines Parts ------- > --- POWER (1) -------- Ion Engine > --- PROPULSION (2) --- (None) > --- UTILITY (2) ------ High-capacity Storage Unit > --- WEAPON (2) ------- Light Assault Rifle > --- INVENTORY (20) --- Improved Ion Engine Peak State ------------ > --- POWER ------------ Ion Engine > --- PROPULSION ------- Light Treads Light Treads > --- UTILITY ---------- High-capacity Storage Unit Targeting Computer > --- WEAPON ----------- Light Assault Rifle Light Cannon > --- INVENTORY -------- Ion Engine Improved Ion Engine Light Assault Rifle [Rating: 7] Favorites ----------- Power Ion Engine Engine Ion Engine Propulsion Light Treads Treads Light Treads Utility High-capacity Storage Unit Storage High-capacity Storage Unit Processor Targeting Computer Weapon Light Assault Rifle Energy Gun EM Pulse Gun Ballistic Gun Light Assault Rifle Ballistic Cannon Light Cannon Build | -11 -10 -10 ------- Run | Yrd Mat Min Slots Evolved . | . . . Power . | . . . Propulsion . | . . . Utility . | . . . Weapon . | . . . Parts Attached 13 | 6 1 6 Power 2 | 1 . 1 Engine 2 | 1 . 1 Core . | . . . Reactor . | . . . Propulsion 3 | 2 . 1 Treads 3 | 2 . 1 Leg . | . . . Wheel . | . . . Hover . | . . . Flight . | . . . Utility 3 | 1 1 1 Device . | . . . Storage 2 | 1 1 . Processor 1 | . . 1 Hackware . | . . . Protection . | . . . Artifact . | . . . Weapon 5 | 2 . 3 Energy Gun 1 | 1 . . Energy Cannon . | . . . Ballistic Gun 3 | 1 . 2 Ballistic Cannon 1 | . . 1 Launcher . | . . . Special Weapon . | . . . Impact Weapon . | . . . Slashing Weapon . | . . . Piercing Weapon . | . . . Special Melee Weapon . | . . . Unidentified Prototypes . | . . . Parts Lost 7 | . . 7 Power 1 | . . 1 Propulsion 2 | . . 2 Utility 1 | . . 1 Weapon 3 | . . 3 Highest Loss Streak 6 | . . 6 To Critical Strikes . | . . . Average Slot Usage (%) 82 | . 84 79 Engine 13 | . 14 12 Treads 25 | . 28 22 Storage 13 | . 13 14 Processor 1 | . . 3 Energy Gun 7 | . 14 . Ballistic Gun 13 | . 14 13 Ballistic Cannon 5 | . . 12 Naked Turns . | . . . Heaviest Build 49 | 13 48 49 Greatest Support 40 | 40 40 40 Greatest Overweight (x) 15 | . 1 15 Average Overweight (x) . | . . 1 Largest Inventory Capacity 20 | 8 20 20 Average Capacity 17 | 7 17 20 Most Carried 4 | 3 3 4 Average Carried 2 | 1 2 2 Final Capacity 20 | 8 20 20 Final Carried 3 | 2 3 1 Class Distribution -------------------- 100% | Mutant Dominant Class ---------------- Mutant | -10/Materials Mutant | -10/Mines Resources | -11 -10 -10 ----------- Run | Yrd Mat Min Matter Collected 437 | 203 67 167 Remotely . | . . . Salvage Created 199 | . 114 85 Parts 11 | . 5 6 Haulers Intercepted . | . . . Recyclers Shooed 1 | . . 1 Parts Field Recycled . | . . . Retrieved Matter . | . . . Parts Self-Destructed . | . . . Prevented . | . . . Kills | -11 -10 -10 ------- Run | Yrd Mat Min Combat Hostiles Destroyed 8 | . 2 6 Guns 4 | . 2 2 Cannons 4 | . . 4 Classes Destroyed 4 | . 2 2 Watcher 1 | . 1 . Swarmer 3 | . . 3 Grunt 4 | . 2 2 Assembled 1 | . . 1 Best Kill Streak 2 | . 2 2 Combat Bots Only 2 | . 2 2 Max Kills in Single Turn 1 | . 1 1 Gunslinging . | . . . Exploded . | . . . Melee . | . . . Uniques/NPCs Destroyed . | . . . Combat | -11 -10 -10 -------- Run | Yrd Mat Min Hostile Shots Fired 126 | . 14 112 Missed 41 | . 6 35 Damage Taken 1027 | . 87 940 Core 258 | . . 258 Absorbed by Shields . | . . . Core Remaining (%) 100 | 100 . . Volleys Fired 33 | . 8 25 Largest 2 | . 2 2 Hottest 60 | . 60 55 Shots Fired 65 | . 16 49 Gun 41 | . 16 25 Cannon 24 | . . 24 Launcher . | . . . Special . | . . . Kinetic 57 | . 8 49 Thermal . | . . . Explosive . | . . . Electromagnetic 8 | . 8 . Robot Hit Streak 5 | . 5 4 Robot Miss Streak 7 | . 2 7 Penetration Max . | . . . Secondary Targets . | . . . Shots Hit Robots 31 | . 9 22 Core Hits 13 | . 4 9 Critical Kills . | . . . Critical Parts Destroyed . | . . . Critical Strikes 3 | . 1 2 Blast 2 | . . 2 Corrupt 1 | . 1 . Melee Attacks . | . . . Impact . | . . . Slashing . | . . . Piercing . | . . . Sneak Attacks . | . . . Combat Hostiles . | . . . Follow-up Attacks . | . . . Damage Inflicted 492 | . 135 357 Guns 226 | . 135 91 Cannons 266 | . . 266 Explosions . | . . . Melee . | . . . Ramming . | . . . Kinetic 398 | . 41 357 Thermal . | . . . Explosive . | . . . Electromagnetic 94 | . 94 . Impact . | . . . Slashing . | . . . Piercing . | . . . Highest Corruption 4 | . . 4 Average Corruption 4 | . . 4 Corruption Purged . | . . . Corruption Blocked . | . . . Effects 1 | . . 1 Matter Fused 1 | . . 1 Overload Shots . | . . . Overflow Damage 17 | . . 17 Projectiles 17 | . . 17 Explosions . | . . . Melee . | . . . Knockbacks 6 | . . 6 Impact . | . . . Kinetic 5 | . . 5 Secondary 1 | . . 1 Self-Inflicted Damage . | . . . Shots . | . . . Rammed . | . . . Targets Rammed . | . . . Kicked . | . . . Crushed . | . . . Highest Temperature 70 | . 70 64 Average Temperature 25 | . 36 20 Received Heat Transfer 108 | . 48 60 Siege Activations . | . . . Robots Corrupted . | . . . Combat Hostiles . | . . . Parts Fried . | . . . Impact Corruptions . | . . . Robots Melted . | . . . Combat Hostiles . | . . . Parts Melted . | . . . Heat Transferred . | . . . Parts Sabotaged . | . . . Parts Stolen . | . . . Parts Stripped . | . . . Power Chain Reactions . | . . . Alert | -11 -10 -10 ------- Run | Yrd Mat Min Peak Influence 147 | . 57 147 Initial 22 | . . 22 Average 53 | . 15 107 Maximum Alert Level . | . . . Low Security (%) 100 | 100 100 100 Level 1 . | . . . Level 2 . | . . . Level 3 . | . . . Level 4 . | . . . Level 5 . | . . . High Security . | . . . Max Security . | . . . Squads Dispatched 1 | . 1 . Investigation . | . . . Extermination . | . . . Reinforcement 1 | . 1 . Assault . | . . . Garrison . | . . . Intercept . | . . . Searches Triggered . | . . . Construction Impeded . | . . . Haulers Reinforced . | . . . Active Scanning Responses . | . . . Cargo Convoy Interrupts . | . . . Stealth | -11 -10 -10 --------- Run | Yrd Mat Min Distress Signals . | . . . Communications Jammed . | . . . Distress Signals . | . . . Times Spotted 15 | . 3 12 Peak Tracking Total 3 | . 2 3 Tactical Retreats 1 | . . 1 Traps | -11 -10 -10 ------- Run | Yrd Mat Min Traps Triggered . | . . . Indirectly . | . . . Trap Hack Attempts . | . . . Triggered . | . . . Disarmed . | . . . Reprogrammed . | . . . Reused . | . . . Traps Extracted . | . . . Installed . | . . . Triggered . | . . . Machines | -11 -10 -10 ---------- Run | Yrd Mat Min Machines Disabled . | . . . Max in Single Turn . | . . . Machines Repaired . | . . . Machines Dismantled . | . . . Machines Sabotaged . | . . . Overloaded Fab Kills . | . . . Hacking | -11 -10 -10 --------- Run | Yrd Mat Min Machines Accessed . | . . . Terminals . | . . . Fabricators . | . . . Repair Stations . | . . . Recycling Units . | . . . Scanalyzers . | . . . Garrison Access . | . . . Total Hacks . | . . . Successful . | . . . Failed . | . . . Catastrophic . | . . . Database Lockouts . | . . . Manual . | . . . Terminals . | . . . Fabricators . | . . . Repair Stations . | . . . Recycling Units . | . . . Scanalyzers . | . . . Garrison Access . | . . . Terminal Hacks . | . . . Fabricator Hacks . | . . . Repair Station Hacks . | . . . Recycling Unit Hacks . | . . . Scanalyzer . | . . . Garrison Access Hacks . | . . . Unauthorized Hacks . | . . . Terminals . | . . . Fabricators . | . . . Repair Stations . | . . . Recycling Units . | . . . Scanalyzers . | . . . Garrison Access . | . . . Data Cores Recovered . | . . . Used . | . . . Hacking Detections . | . . . Full Trace Events . | . . . Feedback Events . | . . . Feedback Blocked . | . . . Robot Schematics Acquired . | . . . Robots Built . | . . . Authchips . | . . . Time . | . . . Total Robot Build Rating . | . . . Part Schematics Acquired . | . . . Parts Built . | . . . Authchips . | . . . Time . | . . . Total Part Build Rating . | . . . Parts Repaired . | . . . Time . | . . . Parts Recycled . | . . . Recycled Matter . | . . . Retrieved Matter . | . . . Retrieved Components . | . . . Parts Scanalyzed . | . . . Part Schematics Acquired . | . . . Parts Damaged . | . . . Bothacking | -11 -10 -10 ------------ Run | Yrd Mat Min Used RIF Installer . | . . . Robots Hacked . | . . . Non-combat . | . . . Combat . | . . . Robot Hacks Applied . | . . . Relay Couplers Released . | . . . Fabnet Peak Effective % . | . . . Robots Rewired . | . . . Allies Hacked . | . . . Hacks Repelled . | . . . Allies | -11 -10 -10 -------- Run | Yrd Mat Min Total Allies . | . . . Largest Group . | . . . Highest-Rated Group . | . . . Highest-Rated Ally . | . . . Total Orders . | . . . Ally Attacks . | . . . Total Damage . | . . . Kills . | . . . Allies Corrupted . | . . . Allies Melted . | . . . Intel | -11 -10 -10 ------- Run | Yrd Mat Min Robot Analysis Total . | . . . Derelict Logs Recovered . | . . . Drone Launches . | . . . Drone Recoveries . | . . . Exploration | -11 -10 -10 ------------- Run | Yrd Mat Min Turns Passed 731 | 67 354 310 Spaces Moved 275 | 38 153 84 Core 12 | 6 . 6 Treads 263 | 32 153 78 Legs . | . . . Wheels . | . . . Hover . | . . . Flight . | . . . Fastest Speed 50 | 50 160 240 Average Speed 224 | 142 215 278 Slowest Speed 800 | 160 240 800 Overloaded Moves . | . . . Propulsion Burnouts . | . . . Robots Hopped . | . . . Cave-ins Triggered . | . . . Exploration Rate (%) 17 | 4 34 13 Regions Visited 2 Branch Regions 1 Pre-discovered Areas . | . . . Known Exits Taken . | . . . Unknown Exits Taken 2 | 1 1 . Scrap Searched . | . . . Spaces Dug . | . . . Terrain Destroyed . | . . . Melee . | . . . Projectile . | . . . AOE . | . . . Terrain Rammed . | . . . Walls Destroyed . | . . . Machines Disabled . | . . . Actions | -11 -10 -10 --------- Run | Yrd Mat Min Total 334 | 51 164 119 Wait . | . . . Move 273 | 37 152 84 Hop . | . . . Pick Up 13 | 8 2 3 Fast Attach . | . . . Attach 11 | 6 1 4 Detach . | . . . Swap 2 | . . 2 Drop 2 | . 1 1 Fire 33 | . 8 25 Melee . | . . . Ram . | . . . Kick . | . . . Crush . | . . . Escape Stasis . | . . . Rewire . | . . . Trap . | . . . Miscellaneous . | . . . Route ------- -11/Scrapyard -10/Materials -10/Mines History --------- Turn | Location | Event 3 | -11/Scrapyard | Discovered new exit (range 16) 68 | -11/Scrapyard | Entered Materials 300 | -10/Materials | Build established: Mutant 408 | -10/Materials | Discovered new exit (range 7) 422 | -10/Materials | Entered Mines 561 | -10/Mines | Assembled infested the area 566 | -10/Mines | Assisted by a Guerilla fighting off Assembled 572 | -10/Mines | Joined a pair of Derelicts in attacking an 0b10 outpost 706 | -10/Mines | Core integrity fell below 50% 725 | -10/Mines | Core integrity fell below 20% 732 | -10/Mines | Lost 6 parts (1p2n1u2w) 732 | -10/Mines | Destroyed by as-14145 with Assembled Heavy Rifle Last Messages --------------- T-07 Excavator system corrupted by crushing effect. T-07 Excavator system terminally corrupted. Ion Engine destroyed. as-87905 knocked back. as-87905 suffers critical hit (Blast). as-87905 knocked back. Targeting Computer destroyed. System corrupted by crushing effect (+4). as-87905 destroyed. Lgt. Treads destroyed. Acquired 9 matter. System corrupted: Matter fused (-10). Lgt. Cannon destroyed. Acquired 4 matter. K-01 Serf collects debris. Lgt. Assault Rifle destroyed. K-01 Serf collects debris. K-01 Serf destroyed. Acquired 10 matter. Map ----- +----------------------------------------------------+ | ???????????????????????????#] !%[!#??????????????? | | ???????????????????????????## *!##??????????????? | | ???????????????????????????###++###??????????????? | | ???????????????????????????# ####???????????? | | ?????????????????????????### # ##??????????? | | ?????????????????????????#" ## #??????????? | | ?????????????????????????## #??????????? | | ??????????????????????????# ##?????????? | | ??????????????????????????## %* = % ##????????? | | ????????????????????#!#######=% %=* #????????? | | ????????????????????# %%%%%%%! #### #???????? | | ????????????????????#######"#= ##???# #???????? | | ?????????????????????????#"##%[#?????# #???????? | | ????????????????????????## = #??????# #???????? | | ????????????????????????# % ##?????? #??????? | | ????????????????????????# % ##?????? ?????? | | ????????????????????????## ##?????? ????? | | ?????????????????????????## #??????# ???? | | ??????????????????????????#a #???????# ??? | | ?????????????????????????## ##????????## ??? | | ????????????????????????## ##???????????????? | | ????????????????????????# %% #????????????????? | | ????????????????????????# ! ##????????????????? | | ????????????????????????# ####?????????????????? | | ????????????????????????#a###????????????????????? | | ????????????????????????#@#??????????????????????? | | ????????????????????????# #??????????????????????? | | ????????????????????????# #??????????????????????? | | ???????????????????????? %??????????????????????? | | ????????????????????????#;#??????????????????????? | | ????????????????????????###??????????????????????? | | ?????????????????????????????????????????????????? | | ?????????????????????????????????????????????????? | | ?????????????????????????????????????????????????? | | ?????????????????????????????????????????????????? | | ?????????????????????????????????????????????????? | | ?????????????????????????????????????????????????? | | ?????????????????????????????????????????????????? | | ?????????????????????????????????????????????????? | | ?????????????????????????????????????????????????? | | ?????????????????????????????????????????????????? | | ?????????????????????????????????????????????????? | | ?????????????????????????????????????????????????? | | ?????????????????????????????????????????????????? | | ?????????????????????????????????????????????????? | | ?????????????????????????????????????????????????? | | ?????????????????????????????????????????????????? | | ?????????????????????????????????????????????????? | | ?????????????????????????????????????????????????? | | ?????????????????????????????????????????????????? | +----------------------------------------------------+ Best States ------------- Heat Dissipation 25 Energy Generation 10 Energy Capacity 250 Matter Stores 300 Matter Capacity 300 Sight Range 16 Terrain Scan Density 10 Evasion (%) 40 Targeting Accuracy 5 Recoil Reduction 2 Item Schematics ----------------- None Robot Schematics ------------------ None Fabricated ------------ Nothing Alien Tech Used ----------------- None Achievements -------------- None Challenges ------------ None Game ------ Seed BombScanScrap Manual? 0 Play Time 00:06:27 Cumulative 1.1 hours Start 2024.04.02 @ 00:03:23 End 2024.04.02 @ 00:09:41 Sessions 1 Manual Loads 0 Difficulty Rogue Special Mode None Game No. 4 Rogue 4 Adventurer 0 Explorer 0 Win Type - Total 0 Types 0/0/0/0/0/0/0/0/0 Lore% 1 Gallery% 7 Achievement% 7 Wizard Run 0 Options --------- Layout 1 ASCII 0 Keyboard 0 Movement Mouse Keybinds 0 Fullscreen 1 Font 32/SmallcapsGlow Map View 50x35 Zoom Use 0% Tactical HUD 0 Map Filters NONE Filters NONE Steam 1 RUN: 17df7b97-44dd-4d06-95ec-a6d3fbcce48d